 Dungeon Crawl Stone Soup version 0.22-a0-253-gf9d0ce5 (webtiles) character file.

59019 kuniqs the Protected (level 14, -11/133 HPs)
             Began as a Deep Dwarf Fighter on Mar 3, 2018.
             Was the Champion of Makhleb.
             Killed from afar by an orc warrior (33 damage)
             ... with an exploding inner flame
             ... hexed by the player character
             ... on level 1 of the Orcish Mines.
             The game lasted 00:33:47 (15185 turns).

kuniqs the Protected (Deep Dwarf Fighter)          Turns: 15185, Time: 00:33:47

Health: -11/133    AC: 25    Str: 28    XL:     14   Next: 51%
Magic:  11/11      EV: 11    Int: 11    God:    Makhleb [******]
Gold:   1489       SH: 14    Dex: 15    Spells: 13/13 levels left

rFire    . . .     SeeInvis .   J - +8 demon blade "Leech" {vamp, rN+ AC-3 EV-3}
rCold    . . .     Gourm    .   c - +0 shield
rNeg     + + .     Faith    .   U - +3 plate armour "Emuoklal" {-Cast Slay+5}
rPois    .         Spirit   .   g - +1 helmet
rElec    .         Reflect  .   h - +0 cloak
rCorr    +         Harm     .   K - +2 pair of gloves {Str+3}
MR       ++...     NoCast   +   (no boots)
Stlth    ..........             (no amulet)
HPRegen  0.00/turn              V - +3 ring of dexterity
MPRegen  0.12/turn              P - ring of resist corrosion

@: non-regenerating
A: damage resistance, heal wounds, talons 1, iridescent scales 1, negative
energy resistance 1, sense surroundings 2, strong 1, no regeneration
a: Heal Wounds, Minor Destruction, Lesser Servant of Makhleb, Major Destruction,
Greater Servant of Makhleb, Renounce Religion


You were on level 1 of the Orcish Mines.
You worshipped Makhleb.
Makhleb was exalted by your worship.
You were not hungry.

You visited 4 branches of the dungeon, and saw 20 of its levels.
You also visited: Labyrinth.

You collected 1489 gold pieces.

Inventory:

Hand Weapons
 J - the +8 demon blade "Leech" (weapon) {vamp, rN+ AC-3 EV-3}
   (You found it on level 6 of the Lair of Beasts)

   It inflicts no extra harm, but heals its wielder when it wounds a living foe.
   It affects your AC (-3).
   It affects your evasion (-3).
   It protects you from negative energy.
Missiles
 C - 2 throwing nets (quivered)
Armour
 c - a +0 shield (worn)
 g - a +1 helmet (worn)
 h - a +0 cloak (worn)
 K - a +2 pair of gloves of strength (worn)
 R - a +2 chain mail of fire resistance
 S - a +2 crystal plate armour
 U - the +3 plate armour "Emuoklal" (worn) {-Cast Slay+5}
   (You found it in a labyrinth)

   It affects your accuracy and damage with ranged weapons and melee attacks
   (+5).
   It prevents spellcasting.
Jewellery
 B - an uncursed ring of protection from cold
 P - a ring of resist corrosion (right hand)
 V - a +3 ring of dexterity (left hand)
Wands
 o - a wand of iceblast (25)
 p - a wand of flame (49)
 F - a wand of disintegration (31)
 L - a wand of digging (23)
 N - a wand of enslavement (14)
 Y - a wand of acid (5)
 Z - a wand of paralysis (7)
Scrolls
 a - a scroll of fear
 b - a scroll of silence
 i - 6 scrolls of remove curse {@r2}
 s - 5 scrolls of teleportation
 t - 3 scrolls of enchant weapon
 w - a scroll of immolation
 y - 4 scrolls of magic mapping
 A - 2 scrolls of blinking
 E - 3 scrolls of fog
 G - 2 scrolls of torment {unknown}
 H - 2 scrolls of enchant armour {unknown}
 I - a scroll of holy word
 Q - a scroll of vulnerability {unknown}
 W - a scroll of summoning {unknown}
Potions
 d - 3 potions of might
 e - a potion of berserk rage
 j - a potion of cancellation
 k - 6 potions of flight
 l - 2 potions of curing {@q1}
 m - 2 potions of lignification
 n - 2 potions of resistance
 q - 3 potions of invisibility
 u - 6 potions of mutation
 x - 3 potions of ambrosia
 D - 2 potions of agility
 T - 2 potions of heal wounds
Comestibles
 f - 43 rations
 r - 23 chunks of flesh


   Skills:
 - Level 10.6 Fighting
 + Level 7.4 Long Blades
   Level 12.0 Axes
 - Level 12.3 Armour
 - Level 11.8 Dodging
 - Level 12.2 Shields
 - Level 6.0 Invocations


You had 13 spell levels left.
You didn't know any spells.

Dungeon Overview and Level Annotations

Branches:
Dungeon (11/15)            Temple (1/1) D:5            Lair (6/6) D:9
 Shoals (0/4) Lair:4       Spider (0/4) Lair:2        Slime (0/5) Lair:5
    Orc (2/2) D:11
    Elf: Orc:2

Altars:
Dithmenos
Fedhas
Hepliaklqana
Kikubaaqudgha
Makhleb
Nemelex Xobeh
Okawaru
Qazlal
Ru
Sif Muna
Uskayaw
Vehumet
Wu Jian
Xom
Yredelemnul
The Shining One
Beogh
Jiyva

Shops:
D:10 :   Orc:1 }*%

Annotations:
D:7 1 runed door
Lair:5 1 runed door


Innate Abilities, Weirdness & Mutations

You are resistant to damage.
You can heal yourself by infusing magical energy.
You resist negative energy. (rN+)
You passively map the area around you.
You do not regenerate.
You have sharp toenails.
You are partially covered in iridescent scales. (AC +2)
Your muscles are strong. (Str +2)


Message History

The orc warrior hits you with a mace! You block the orc warrior's attack.
You slice the orc warrior!!
You feel better.
The orc warrior explodes!
The fiery explosion engulfs the orc warrior.
The fiery explosion engulfs the orc knight.
The orc knight explodes!
The fiery explosion engulfs you! Makhleb accepts your kill.
You feel better. The fiery explosion engulfs you!
* * * LOW HITPOINT WARNING * * *
The fiery explosion engulfs the orc warrior. x2
Makhleb accepts your kill.
You feel better.
You are engulfed in blazing flames.
* * * LOW HITPOINT WARNING * * *
The orc warrior is engulfed in blazing flames.
You block the orc warrior's attack.
The orc warrior is engulfed in blazing flames. x2
The orc warrior explodes!
The fiery explosion engulfs you!
You die...

#........####..)))#..
####.........#...#.....
##.#....##..............
#.....%.########.......#
##..#....#4o....#..#.....
#........#oooo..#.#...∩..
##∩....§§#oooo..#........
###.....§§#oooo._#.#......
##.......§@o§ooo..###.....#
#.......#§)########.......#
##.##....#§# ,, .#.......
######%####* ,. ........
#...# ** .#....... ##.## *
,, ### , , *,*


You could see an orc high priest (inner flame), 6 orc warriors, an orc priest
and 5 orcs.

Vanquished Creatures
  Fannar (D:11)
  Harold (D:11)
  7 hydras
  4 death yaks (Lair:6)
  A two-headed ogre (D:11)
  An unseen horror (D:10)
  2 orc knights (Orc:1)
  4 oklob plants (Lair:4)
  An ugly thing (D:11)
  A wolf spider (Lair:2)
  A manticore (Lair:4)
  7 elephants
  2 black mambas (Lair:6)
  A torpor snail (Lair:6)
  31 spiny frogs
  The ghost of 4thArraOfDagon the Twirler, a novice DgGl (D:6)
  3 rime drakes
  10 komodo dragons
  Grinder (D:5)
  2 jumping spiders (Lair:2)
  A polar bear (Lair:6)
  6 trolls
  4 tyrant leeches (Lair:6)
  10 hippogriffs
  44 blink frogs
  A redback (Lair:2)
  2 wraiths (D:10)
  22 yaks
  2 basilisks
  6 vampire mosquitoes (Lair:6)
  A steam dragon (D:9)
  Edmund (D:5)
  Menkaure (D:5)
  3 wargs (D:9)
  An acid dragon (D:11)
  11 water moccasins
  6 porcupines
  3 sky beasts
  2 necrophages
  11 orc warriors
  2 black bears (D:10)
  11 wolves (Lair:4)
  4 centaurs
  6 ogres
  3 phantoms
  5 crocodiles
  A big kobold (D:8)
  20 bullfrogs
  A water moccasin skeleton (D:9)
  6 killer bees
  A vampire bat (Lair:1)
  3 wights (D:8)
  3 howler monkeys
  An electric eel (Lair:6)
  3 crimson imps
  A bullfrog zombie (D:5)
  A centaur zombie (D:11)
  A quasit (D:5)
  2 hounds
  2 jellies
  20 orc wizards
  11 orc priests
  4 bullfrog skeletons
  2 centaur skeletons
  2 iguanas
  6 hell rats (Lair:5)
  10 worker ants
  A hound skeleton (D:8)
  A worker ant zombie (D:5)
  12 adders
  5 river rats (Lair:5)
  2 shadow imps
  3 oozes
  An adder skeleton (D:4)
  4 dart slugs
  11 leopard geckos
  41 orcs
  9 bats
  7 giant cockroaches
  6 goblins
  9 hobgoblins
  16 jackals
  12 kobolds
  2 quokkas
  3 ball pythons
  3 frilled lizards
  2 leopard gecko skeletons
  A quokka skeleton (D:5)
  14 rats
517 creatures vanquished.

Vanquished Creatures (collateral kills)
  A minotaur (Lab)
  A hydra (Lair:2)
  2 spiny frogs (Lair:2)
  A polar bear (Lair:2)
  2 hippogriffs (Lair:2)
  A hornet (D:11)
  A yak (Lair:1)
  A water moccasin (Lair:2)
  An orc warrior (D:11)
  An ogre (D:11)
  A crocodile (Lair:2)
  2 bullfrogs (Lair:1)
  A scorpion (D:7)
  6 killer bees
  A howler monkey (D:7)
  A centaur skeleton (D:10)
  An orc priest (D:2)
  A howler monkey skeleton (D:7)
  An adder (D:7)
  A giant cockroach (D:7)
  2 kobolds (D:8)
  A butterfly (D:7)
31 creatures vanquished.

Vanquished Creatures (others)
  An orc wizard (Orc:1)
  18 fungi
  54 plants (Lair:6)
  7 toadstools (Lair:5)
80 creatures vanquished.

Grand Total: 628 creatures vanquished

Notes
Turn   | Place    | Note
-------+----------+-------------------------------------------
     0 | D:1      | kuniqs the Deep Dwarf Fighter began the quest for the Orb.
     0 | D:1      | Reached XP level 1. HP: 20/20 MP: 1/1
   259 | D:1      | Reached XP level 2. HP: 22/27 MP: 2/2
   308 | D:1      | Reached skill level 1 in Dodging
   573 | D:1      | Reached XP level 3. HP: 23/33 MP: 3/3
   940 | D:2      | Reached XP level 4. HP: 40/42 MP: 4/4
   963 | D:2      | Noticed an orc warrior
  1127 | D:3      | Found an ancient bone altar of Kikubaaqudgha.
  2027 | D:4      | Reached XP level 5. HP: 34/49 MP: 4/4
  2063 | D:4      | Reached XP level 6. HP: 50/56 MP: 4/4
  2716 | D:5      | Entered Level 5 of the Dungeon
  2747 | D:5      | Noticed Grinder
  2753 | D:5      | Paralysed by Grinder for 6 turns
  2763 | D:5      | Killed Grinder
  2763 | D:5      | Reached skill level 5 in Armour
  2763 | D:5      | Reached skill level 5 in Shields
  2763 | D:5      | Reached XP level 7. HP: 49/64 MP: 4/4
  3035 | D:5      | Found a radiant altar of Vehumet.
  3102 | D:5      | Found a staircase to the Ecumenical Temple.
  3108 | Temple   | Entered the Ecumenical Temple
  3197 | Temple   | Became a worshipper of Makhleb the Destroyer
  3515 | D:5      | Noticed Edmund
  3549 | D:5      | Killed Edmund
  3549 | D:5      | Reached skill level 5 in Axes
  3549 | D:5      | Reached skill level 1 in Invocations
  3549 | D:5      | Reached XP level 8. HP: 54/73 MP: 5/5
  3658 | D:6      | Noticed 4thArraOfDagon's ghost (novice DgGl)
  3695 | D:6      | Killed 4thArraOfDagon's ghost
  3785 | D:6      | Reached skill level 5 in Fighting
  3797 | D:6      | Found the +9 sword of Zonguldrok {reap}
  4090 | D:7      | Noticed a hippogriff
  4096 | D:7      | Noticed a hippogriff
  4110 | D:6      | Killed a hippogriff
  4110 | D:6      | Reached skill level 5 in Dodging
  4119 | D:7      | Killed a hippogriff
  4155 | D:7      | Noticed a hippogriff
  4163 | D:7      | Killed a hippogriff
  4163 | D:7      | Gained mutation: You passively map the area around you. [Deep Dwarf growth]
  4163 | D:7      | Reached XP level 9. HP: 48/81 MP: 8/8
  4313 | D:7      | Found a runed door.
  4345 | D:7      | Found a runed door.
  4351 | D:7      | Reached * piety under Makhleb
  4650 | D:8      | Reached skill level 5 in Invocations
  5560 | D:9      | Reached XP level 10. HP: 58/91 MP: 10/10
  5572 | D:9      | Reached ** piety under Makhleb
  5573 | D:9      | Found a staircase to the Lair.
  5659 | D:5      | Noticed Menkaure
  5667 | D:5      | Killed Menkaure
  6030 | D:2      | You fall through a shaft!
  6994 | D:10     | Entered Level 10 of the Dungeon
  7048 | D:10     | Killed an unseen horror
  7048 | D:10     | Reached *** piety under Makhleb
  7209 | D:10     | Found the +5 scythe "Finisher" {speed, Str+3}
  7467 | D:10     | Found Jesupyh's Book Shoppe.
  7683 | D:11     | Noticed a green ugly thing
  7691 | D:11     | Killed a green ugly thing
  7691 | D:11     | Reached XP level 11. HP: 88/100 MP: 10/10
  7707 | D:11     | Noticed a two-headed ogre
  7714 | D:11     | Killed a two-headed ogre
  7745 | D:11     | Noticed Harold
  7757 | D:11     | Killed Harold
  7819 | D:11     | Noticed Fannar
  7867 | D:11     | Killed Fannar
  7932 | D:11     | Found a staircase to the Orcish Mines.
  8321 | Lair:1   | Entered Level 1 of the Lair of Beasts
  8731 | Lair:1   | Reached **** piety under Makhleb
  9113 | Lair:2   | Noticed a four-headed hydra
  9121 | Lair:2   | Killed a four-headed hydra
  9205 | Lair:2   | Found a labyrinth entrance.
  9213 | Lab      | Entered a labyrinth
  9447 | Lab      | Noticed a minotaur
  9468 | Lab      | Killed a minotaur
  9470 | Lab      | Got an encrusted plate armour
  9475 | Lab      | Got a scorched plate armour
  9523 | Lair:2   | Identified the +3 plate armour "Emuoklal" {-Cast Slay+5} (You found it in a labyrinth)
  9533 | Lair:2   | Identified the +6 plate armour "Zonan" {rN+ MP-9 Str+2 Slay+2} (You took it off a minotaur in a labyrinth)
  9892 | Lair:2   | Got a smoking scale mail
  9903 | Lair:2   | Identified the +4 scale mail of the Untouchables {rPois rN++ SInv} (You found it on level 2 of the Lair of Beasts)
 10035 | Lair:2   | Reached skill level 10 in Armour
 10035 | Lair:2   | Reached XP level 12. HP: 55/112 MP: 9/9
 10037 | Lair:2   | Reached skill level 10 in Shields
 10247 | Lair:2   | Found a hole to the Spider Nest.
 10539 | Lair:3   | Reached skill level 10 in Axes
 10944 | Lair:3   | Gained mutation: You have sharp toenails. [potion of mutation]
 10944 | Lair:3   | Gained mutation: You are partially covered in iridescent scales. (AC +2) [potion of mutation]
 10944 | Lair:3   | Gained mutation: Your muscles are strong. (Str +2) [potion of mutation]
 11172 | Lair:4   | Reached skill level 10 in Dodging
 11604 | Lair:4   | Noticed a seven-headed hydra
 11607 | Lair:4   | Killed a seven-headed hydra
 11765 | Lair:4   | Found a staircase to the Shoals.
 12332 | Lair:5   | Reached XP level 13. HP: 121/121 MP: 10/10
 12415 | Lair:5   | Reached ***** piety under Makhleb
 12485 | Lair:5   | Found a staircase to the Slime Pits.
 12486 | Lair:5   | Found a viscous altar of Jiyva.
 12692 | Lair:5   | Found a runed door.
 13273 | Lair:6   | Entered Level 6 of the Lair of Beasts
 13371 | Lair:6   | Reached skill level 10 in Fighting
 13744 | Lair:6   | Gained mutation: You resist negative energy. (rN+) [Deep Dwarf growth]
 13744 | Lair:6   | Reached XP level 14. HP: 133/133 MP: 11/11
 13851 | Lair:6   | Found the +8 demon blade "Leech" {vamp, rN+ AC-3 EV-3}
 13906 | Lair:6   | Reached skill level 1 in Long Blades
 14174 | Lair:6   | Reached skill level 5 in Long Blades
 14289 | Lair:6   | Reached ****** piety under Makhleb
 14759 | Orc:1    | Entered Level 1 of the Orcish Mines
 14961 | Orc:1    | Found Woerea Migg's Food Emporium.
 14986 | Orc:2    | Entered Level 2 of the Orcish Mines
 15008 | Orc:1    | Found Fop Wuve's General Store.
 15137 | Orc:1    | Found Kuanoufo's Gadget Shoppe.
 15176 | Orc:1    | Found a roughly hewn altar of Beogh.
 15185 | Orc:1    | Killed from afar by an orc warrior

Vault maps used:
D:1:      minmay_arrival_stair_chambers
D:2:      minivault_5
D:3:      lemuel_statue_altar
D:4:      first_ration
D:5:      kennysheep_mini_moat, minmay_temple_entry_enclosed_plants,
          grunt_tough_drop, uniq_grinder, uniq_menkaure, uniq_edmund
D:7:      lemuel_insect_pit, grunt_ogre_cave
D:8:      minivault_5
D:9:      erik_lair_orcish_takeover
D:10:     serial_shops, nicolae_shop_crystal, minmay_guarded_unrand_finisher
D:11:     orc_0_dummy, uniq_harold, uniq_fannar
Temple:   minmay_crystal_snake_temple
Lair:1:   roderic_batcave, grunt_megastairs_1
Lair:2:   spider_nest_entry_funnel_web, lab_entry_generic, grunt_megastairs_4
Lair:4:   minmay_shoals_entry_beasts, minmay_lair_oklob_chamber,
          lemuel_fruit_tree
Lair:5:   gammafunk_lair_enchanted_lake, slime_altar_1,
          kennysheep_abandoned_house
Lair:6:   minmay_lair_end_frog_pond
Orc:1:    special_room, serial_shops, shop, shop, shop, nicolae_orc_lava_room
Orc:2:    st_orc_congregation, serial_shops, shop, shop
Lab:      labyrinth_green

Skill      XL: |  1  2  3  4  5  6  7  8  9 10 11 12 13 14 |
---------------+-------------------------------------------+-----
Dodging        | 1 2 3 4 5 6 7 9 10 11 | 11.8
Fighting       | 3 4 5 6 7 8 9 10 | 10.6
Axes           | 3 4 5 6 7 8 9 10 11 12 | 12.0
Shields        | 4 5 6 7 8 9 11 12 | 12.2
Armour         | 4 5 6 7 8 10 11 12 | 12.3
Invocations    | 1 3 5 6 |  6.0
Long Blades    | 7 |  7.4

Action                   |  1- 3 |  4- 6 |  7- 9 | 10-12 | 13-15 || total
-------------------------+-------+-------+-------+-------+-------++-------
Melee: War axe           |   115 |   184 |   130 |    70 |       ||   499
       Dagger            |       |    16 |       |       |       ||    16
       Dire flail        |       |       |    48 |       |       ||    48
       Double sword      |       |       |    96 |   220 |       ||   316
       Morningstar       |       |       |       |   407 |   441 ||   848
       Kick              |       |       |       |    54 |   273 ||   327
       Demon blade       |       |       |       |       |   172 ||   172
Throw: Throwing net      |       |       |     1 |       |       ||     1
Invok: Lesser Servant of |       |       |       |     7 |       ||     7
 Abil: Heal Wounds       |     1 |     5 |    10 |    25 |     5 ||    46
Evoke: Wand              |       |       |     5 |     7 |     6 ||    18
       Lightning rod     |       |       |       |     9 |       ||     9
  Use: Potion            |       |       |     2 |     3 |     2 ||     7
       Scroll            |       |       |       |    23 |     9 ||    32
 Stab: Distracted        |       |       |     2 |     1 |       ||     3
       Held in net/web   |       |       |     2 |       |       ||     2
  Eat: Chunk             |       |     6 |     6 |    23 |    10 ||    45
       Ration            |       |       |     1 |       |     2 ||     3
Armor: Scale mail        |    41 |    91 |   143 |   133 |       ||   408
       Plate armour      |       |       |       |   230 |   492 ||   722
Dodge: Dodged            |    37 |    86 |   144 |   395 |   462 ||  1124
Block: Shield            |    79 |   115 |   175 |   543 |   670 ||  1582
       Rpst.: Double sword |       |       |    24 |    34 |       ||    58
       Demon blade       |       |       |       |       |    37 ||    37

Table legend:
 A = Spawn XP
 B = Non-spawn XP
 C = Spawn XP percentage of total XP
 D = Spawn monster count
 E = Non-spawn monster count
 F = Spawn count percentage of total count
 G = Total turns spent on level
                    A         B        C        D         E        F      G
               +---------+---------+-------+---------+---------+-------+---------
         Total |       0 |   84313 |   0.0 |       0 |     548 |   0.0 | 15185
               +---------+---------+-------+---------+---------+-------+---------
           D:1 |       0 |      43 |   0.0 |       0 |      21 |   0.0 |   751
           D:2 |       0 |     402 |   0.0 |       0 |      38 |   0.0 |   846
           D:3 |       0 |      55 |   0.0 |       0 |      24 |   0.0 |   978
           D:4 |       0 |     353 |   0.0 |       0 |      21 |   0.0 |   836
           D:5 |       0 |    1198 |   0.0 |       0 |      14 |   0.0 |   825
           D:6 |       0 |     948 |   0.0 |       0 |       8 |   0.0 |   507
           D:7 |       0 |    1863 |   0.0 |       0 |      38 |   0.0 |   543
           D:8 |       0 |     712 |   0.0 |       0 |      15 |   0.0 |   905
           D:9 |       0 |    2240 |   0.0 |       0 |      30 |   0.0 |   704
          D:10 |       0 |    2196 |   0.0 |       0 |      20 |   0.0 |   620
          D:11 |       0 |    4819 |   0.0 |       0 |      26 |   0.0 |   726
        Lair:1 |       0 |    1844 |   0.0 |       0 |      15 |   0.0 |   808
        Lair:2 |       0 |    6136 |   0.0 |       0 |      26 |   0.0 |  1086
        Lair:3 |       0 |    4090 |   0.0 |       0 |      17 |   0.0 |   644
        Lair:4 |       0 |    8741 |   0.0 |       0 |      33 |   0.0 |  1216
        Lair:5 |       0 |   10906 |   0.0 |       0 |      48 |   0.0 |  1035
        Lair:6 |       0 |   32554 |   0.0 |       0 |     100 |   0.0 |  1309
         Orc:1 |       0 |    3968 |   0.0 |       0 |      49 |   0.0 |   404
         Orc:2 |       0 |     492 |   0.0 |       0 |       4 |   0.0 |    22
           Lab |       0 |     753 |   0.0 |       0 |       1 |   0.0 |   267
               +---------+---------+-------+---------+---------+-------+---------
